[Event "44th Chess Olympiad Open 2022"]
[Site "Chennai"]
[Date "2022.08.05"]
[Round "7.26"]
[White "Noboa Silva, Kevin"]
[Black "Gretarsson, Helgi Ass"]
[Result "1/2-1/2"]
[ECO "D35"]
[WhiteElo "2304"]
[BlackElo "2472"]
[Annotator "TA"]
[PlyCount "112"]
[EventDate "2022.07.29"]
[EventType "team-tourn"]
[EventCountry "IND"]
[SourceTitle "playchess.com"]
[Source "ChessBase"]
[SourceQuality "1"]
[WhiteTeam "Ecuador"]
[BlackTeam "Iceland"]
[WhiteTeamCountry "ECU"]
[BlackTeamCountry "ISL"]
[TimeControl "40/5400+30:1800+30"]

1. d4 d5 2. c4 e6 3. Nc3 Nf6 4. cxd5 exd5 5. Bg5 c6 6. e3 Bd6 {[%emt 0:00:13] 6...Bd6 is setting a new trend.} 7. Bd3 O-O 8. Qc2 {[%emt 0:03:31][%cal Od3h7] D35: Queen's Gambit Declined: Exchange Variation.} h6 9. Bh4 Re8 10. Nge2 a5 11. h3 Na6 12. a3 {[%emt 0:00:25] Prevents Nb4.} Nc7 13. O-O Bd7 {[%emt 0:25:40] [#]} 14. Rac1 $146 ({Predecessor:} 14. Rae1 Be7 15. Bg3 Rc8 16. Be5 Be6 17. Nf4 Bd6 18. Bxd6 Qxd6 19. Na4 Rb8 20. Rc1 {½-½ (38) Lenderman,A (2607)-Xiong,J (2700) Saint Louis 2021}) 14... Rb8 15. Na4 Ne6 16. Bh7+ Kh8 17. Bf5 Ng5 18. Nc5 Bxc5 19. dxc5 Bxf5 20. Qxf5 Nge4 21. Nd4 g6 22. Bxf6+ Qxf6 23. Qxf6+ Nxf6 24. b4 axb4 25. axb4 Ra8 26. Ra1 Nd7 27. Rfd1 Ne5 28. b5 Kg7 29. b6 (29. Rxa8 $14 {feels stronger.} Rxa8 30. f4) 29... Nd7 30. Nb3 Kf8 31. Kf1 Ke7 32. Ke2 Nf6 33. f3 h5 34. Kd3 Kd7 35. Kd4 h4 36. Rxa8 Rxa8 37. Ra1 Rxa1 38. Nxa1 $11 {[%emt 0:00:01][%mdl 4096] Endgame Nb3 is the strong threat. KN-KN} Nh5 $1 39. Nb3 {[%emt 0:00:28] White wants to play Na5.} f6 40. Na5 Kc8 41. Nb3 Kd7 42. Nd2 Ng7 43. Kc3 Ne6 44. Kb4 Kc8 45. Nf1 Kd7 46. Nd2 Kc8 47. Nb3 Kd7 48. Nc1 d4 49. exd4 {[%emt 0:00:16] [#] Hoping for Ne2.} Nxd4 50. Nd3 Nc2+ 51. Kc3 Ne3 52. Ne1 Ke6 {[%emt 0:00:22] [#] aiming for ...Kd5.} 53. Kd4 {[%emt 0:00:14] The position is equal.} Nf5+ 54. Kc4 Ne3+ 55. Kd4 Nf5+ 56. Kc4 Ne3+ {[%emt 0:03:24] Weighted Error Value: White=0.05 (flawless) /Black=0.06 (flawless)} 1/2-1/2

[Event "44th Chess Olympiad Open 2022"]
[Site "Chennai"]
[Date "2022.08.05"]
[Round "7.27"]
[White "Hansen, Eric"]
[Black "Greet, Andrew N"]
[Result "1-0"]
[ECO "E15"]
[WhiteElo "2606"]
[BlackElo "2392"]
[Annotator "TA"]
[PlyCount "61"]
[EventDate "2022.07.29"]
[EventType "team-tourn"]
[EventCountry "IND"]
[SourceTitle "playchess.com"]
[Source "ChessBase"]
[SourceQuality "1"]
[WhiteTeam "Canada"]
[BlackTeam "Scotland"]
[WhiteTeamCountry "CAN"]
[BlackTeamCountry "SCO"]
[TimeControl "40/5400+30:1800+30"]

1. d4 Nf6 2. c4 e6 3. Nf3 b6 4. g3 Ba6 5. Qc2 Bb4+ 6. Bd2 {[%emt 0:02:25] E15: Queen's Indian: 4 g3 sidelines, 4 g3 Ba6 and 4 g3 Bb7 early deviations.} Be7 7. Bg2 c6 8. O-O {[%emt 0:05:01] White has an edge.} O-O 9. Rc1 $5 {[%emt 0:09:25][%mdl 4] Exploring less charted territory.} d5 10. cxd5 cxd5 11. Bf4 Bd6 12. Ne5 {[%emt 0:04:57] [#]} Nh5 $146 ({Predecessor:} 12... Bb7 13. Nc3 a6 14. Na4 Bxe5 15. Bxe5 Nc6 16. Bxf6 gxf6 17. e3 Rb8 {0-1 (76) Saydaliev,S (2349)-Ladva,O (2522) Moscow 2018}) 13. Be3 f6 14. Nd3 f5 15. Nc3 {[%emt 0:00:00][%cal Oc3d5] [#] Threatens to win with Nxd5!} Nd7 16. Bf3 Nhf6 (16... f4 $5 ) 17. Nf4 $36 {[%emt 0:12:27][%mdl 2048] White has some pressure.} Bxf4 18. Bxf4 {[%emt 0:00:00] Hoping for Qa4.} b5 {[%emt 0:02:29] Against Qa4} ({Black should play} 18... Rf7) 19. a4 $16 {[%emt 0:02:28] White is more active.} bxa4 (19... Qb6 $16) 20. Qxa4 $18 Bb7 {[%emt 0:00:13] [#]} 21. Nb5 $1 Nb6 (21... Ne8 $142 22. Nxa7 Rf7) 22. Qb4 a5 23. Rxa5 Rxa5 24. Qxa5 Na8 (24... Nc8 {was called for.} 25. b4 Qxa5 26. bxa5 Ne8) 25. Qxd8 {[%emt 0:00:00] White is clearly winning.} Rxd8 26. Nd6 {[%emt 0:00:00] Prevents Rc8.} Ba6 27. Rc6 Bc4 28. Nxc4 dxc4 29. Rxe6 Kf7 30. Ra6 Ne4 31. g4 {[%emt 0:00:00] Weighted Error Value: White=0.09 (flawless) /Black=0.39} 1-0

[Event "44th Chess Olympiad Open 2022"]
[Site "Chennai"]
[Date "2022.08.05"]
[Round "7.27"]
[White "Noritsyn, Nikolay"]
[Black "Olson, Hamish"]
[Result "0-1"]
[ECO "C90"]
[WhiteElo "2482"]
[BlackElo "2343"]
[Annotator "TA"]
[PlyCount "80"]
[EventDate "2022.07.29"]
[EventType "team-tourn"]
[EventCountry "IND"]
[SourceTitle "playchess.com"]
[Source "ChessBase"]
[SourceQuality "1"]
[WhiteTeam "Canada"]
[BlackTeam "Scotland"]
[WhiteTeamCountry "CAN"]
[BlackTeamCountry "SCO"]
[TimeControl "40/5400+30:1800+30"]

1. e4 e5 2. Nf3 Nc6 3. Bb5 a6 4. Ba4 Nf6 5. O-O Be7 6. Re1 b5 7. Bb3 d6 8. c3 O-O 9. d3 Na5 10. Bc2 c5 11. Bg5 {[%emt 0:00:33] C90: Closed Ruy Lopez with 7...d6: Early deviations.} Nc6 12. Nbd2 Be6 13. Nf1 {[%emt 0:09:07] The position is equal.} Nd7 14. Bxe7 Qxe7 15. Ne3 {[%emt 0:00:13] [#]} Nf6 $146 ({Predecessor:} 15... Qf6 16. a4 Rfb8 17. Bb3 Nb6 18. Bxe6 fxe6 19. axb5 axb5 20. Qb3 b4 21. Nc4 Nxc4 22. Rxa8 Rxa8 23. Qxc4 {1-0 (38) Durarbayli,V (2543)-Beliavsky,A (2630) Plovdiv 2012}) 16. d4 cxd4 17. cxd4 Nxd4 18. Nxd4 exd4 19. Qxd4 Rfd8 20. h3 Nh5 21. Rad1 (21. Nf5 $1 $14 Qa7 22. Qxa7 Rxa7 23. Nd4) 21... Qg5 22. Nf5 Nf4 $1 23. g3 Nxh3+ 24. Kh2 Bxf5 (24... Rac8 $11 25. Bb3 d5 $1) 25. exf5 $16 Qh5 (25... Qh6 $2 26. Kg2 $18) 26. Kg2 ({White must play} 26. g4 $16 Qh4 27. Kg2) 26... Ng5 $11 27. Re3 {[%emt 0:05:38] Rh1 is the strong threat.} (27. Qh4 Qf3+ 28. Kg1 h6 $17) 27... Qh3+ 28. Kg1 Rac8 29. Bd3 (29. Qd3 $1 $11 Qg4 30. Qe2) 29... h5 (29... d5 $15) 30. f6 Re8 31. fxg7 h4 ({Better is} 31... Re5 $11) 32. Be2 (32. Bf1 $14 Qf5 33. Qxh4 Kxg7 34. Qd4+ (34. Rxd6 $2 Rxe3 35. Qh6+ Kg8 $19) 34... Kg8 35. Bg2) 32... Rxe3 $40 {[%emt 0:04:22][%mdl 128] Black is out for blood. The board is on fire.} 33. Qxe3 {[%emt 0:00:04] [#]} hxg3 $1 34. fxg3 Qh6 {[%emt 0:01:18] ( -> ...Nh3+)} ({Much weaker is} 34... Rc2 $6 35. Rxd6 Rc1+ 36. Rd1 (36. Qxc1 Qxg3+ 37. Kf1 Ne4 $17) 36... Rxd1+ 37. Bxd1 $11) 35. Qd2 {[%emt 0:02:10] [#]} (35. Qe7 $17) 35... Qxg7 (35... Re8 $1 $19 36. Bg4 {[#]} Re3 $3 ) 36. Kg2 $2 (36. Qe3 $17) 36... Qe5 $19 {[%emt 0:00:50] And now ...Re8 would win.} 37. Qd3 Ne4 {[%emt 0:03:17][%cal Oc8c2] Against Rd2. aiming for ...Rc2!} 38. Re1 $2 {[%emt 0:00:57] [#]} (38. Rf1 {was the crucial defense.}) 38... Rc2 $3 {[%emt 0:00:56][%mdl 512] Black is clearly winning.} 39. Qe3 (39. Qf3 d5) 39... Rxb2 40. a3 Nc3 {[%emt 0:01:11] Weighted Error Value: White=0.65/Black=0.24 (precise)} 0-1

[Event "44th Chess Olympiad Open 2022"]
[Site "Chennai"]
[Date "2022.08.05"]
[Round "7.27"]
[White "Gourlay, Iain"]
[Black "Panjwani, Raja"]
[Result "0-1"]
[ECO "A49"]
[WhiteElo "2321"]
[BlackElo "2450"]
[Annotator "TA"]
[PlyCount "106"]
[EventDate "2022.07.29"]
[EventType "team-tourn"]
[EventCountry "IND"]
[SourceTitle "playchess.com"]
[Source "ChessBase"]
[SourceQuality "1"]
[WhiteTeam "Scotland"]
[BlackTeam "Canada"]
[WhiteTeamCountry "SCO"]
[BlackTeamCountry "CAN"]
[TimeControl "40/5400+30:1800+30"]

1. d4 Nf6 2. Nf3 g6 3. g3 Bg7 4. Bg2 c5 5. dxc5 Qa5+ 6. Nfd2 {[%emt 0:01:25] A49: 1 d4 Nf6 2 Nf3 g6 3 g3: Anti-King's Indian systems.} Qxc5 7. Nc3 d6 8. Nb3 {[%emt 0:01:01] The position is equal.} Qc7 9. Bg5 {[%emt 0:10:20] [#] next Bxf6 is good for White.} Qd8 $146 ({Predecessor:} 9... Nbd7 10. O-O h6 11. Be3 Ne5 12. Bd4 O-O 13. e4 Bg4 14. f3 Be6 15. Nd5 Bxd5 16. exd5 {0-1 (47) Gonzalez Trigal,J (2369)-Grigoryan,K (2654) Santiago de Compostela 2020}) 10. Qd2 h6 11. Bxf6 Bxf6 12. Nd5 Bg7 13. Qa5 Na6 {[%emt 0:07:40] Prevents Nc7+.} (13... Bxb2 $2 14. Nc7+ Qxc7 15. Qxc7 $18) 14. Qxd8+ Kxd8 15. O-O-O Rb8 16. e4 e6 17. Ne3 {[%emt 0:06:07] Pair of Knights!} Ke7 18. Nc4 Rd8 19. Nba5 Nb4 20. a3 Nc6 21. Rd2 Bd7 22. Rhd1 Be8 23. Nb3 b6 24. Nxd6 (24. Rxd6 Rxd6 25. Nxd6 (25. Rxd6 b5 $17) 25... Rd8 $11) 24... Na5 25. Nxa5 bxa5 26. b3 Bc6 (26... a4 $14) 27. a4 (27. f4 $16) 27... Bxa4 $14 28. Nxf7 ({Don't blunder} 28. bxa4 $2 Bb2+ 29. Kb1 Bc3+ 30. Ka2 Bxd2 $19) (28. e5 $5 Be8 29. f4 $14) 28... Rxd2 29. Rxd2 Bb5 30. Nd6 {[%emt 0:00:22] White is on the road to losing.} (30. c4 $1 $11 Bd7 31. f4) 30... Bc3 $17 31. Nxb5 (31. Rd1 $17 Be2 32. e5) 31... Bxd2+ $19 32. Kxd2 Rxb5 $17 {[%emt 0:00:04][%mdl 4096] Endgame KR-KB} 33. Bf1 Rb4 34. Bc4 g5 35. f4 $2 (35. c3 {was necessary.} Rb8 36. f3) 35... gxf4 $19 36. gxf4 a4 {[%emt 0:01:27][%cal Ba5a4,Ba4a3][%mdl 32] Hoping for ...a3.} 37. c3 {[%emt 0:00:47] [#]} (37. Kc3 {[#]} a3 $1 38. e5 (38. Kxb4 $2 {is the wrong capture.} a2 $19) 38... a5) (37. Kc1 $142 Rb8 38. bxa4) 37... a3 $1 {[%emt 0:00:18][%cal Ob4c4] ...Rxc4! is the strong threat.} 38. Kc2 Rb8 39. f5 Rg8 40. Bxe6 Rg2+ 41. Kb1 Rxh2 42. e5 Re2 43. Bc8 Rxe5 {[%emt 0:00:00] ( -> ...Rc5)} 44. Ka2 Rc5 {[%emt 0:00:00][%csl LRc3,LRc8] Black mates.} 45. Be6 Rxc3 46. Kxa3 h5 47. Kb4 Rc7 48. Bd5 h4 49. Bg2 Kf6 50. Bh3 Re7 51. Ka4 Re3 52. Bg2 h3 53. Bb7 h2 {[%emt 0:00:00] Weighted Error Value: White=0.65/Black=0.12 (very precise)} 0-1

[Event "44th Chess Olympiad Open 2022"]
[Site "Chennai"]
[Date "2022.08.05"]
[Round "7.27"]
[White "Tate, Alan"]
[Black "Preotu, Razvan"]
[Result "0-1"]
[ECO "D71"]
[WhiteElo "2313"]
[BlackElo "2445"]
[Annotator "ChessBase"]
[PlyCount "57"]
[EventDate "2022.07.29"]
[EventType "team-tourn"]
[EventCountry "IND"]
[SourceTitle "playchess.com"]
[Source "ChessBase"]
[SourceQuality "1"]
[WhiteTeam "Scotland"]
[BlackTeam "Canada"]
[WhiteTeamCountry "SCO"]
[BlackTeamCountry "CAN"]
[TimeControl "40/5400+30:1800+30"]

1. d4 Nf6 2. c4 g6 3. g3 c6 4. Bg2 d5 5. e3 Bg7 6. Ne2 O-O 7. O-O Re8 8. b3 dxc4 9. bxc4 e5 10. Nbc3 exd4 11. exd4 Be6 12. d5 cxd5 13. Bg5 Qd7 14. Rb1 Ne4 15. cxd5 Bf5 16. Nxe4 Bxe4 17. Bxe4 Rxe4 18. Qd2 Qf5 19. Rxb7 Nd7 20. d6 Ne5 21. f4 Nc4 22. Qb4 Nb6 23. Qd2 h6 24. Be7 Nc4 25. Qb4 Rxe2 26. Qxc4 Rc2 27. Rb5 Rxc4 28. Rxf5 gxf5 29. d7 0-1

[Event "44th Chess Olympiad Open 2022"]
[Site "Chennai"]
[Date "2022.08.05"]
[Round "7.28"]
[White "Carlsen, Magnus"]
[Black "Stanojoski, Zvonko"]
[Result "1-0"]
[ECO "D02"]
[WhiteElo "2864"]
[BlackElo "2412"]
[Annotator "TA"]
[PlyCount "137"]
[EventDate "2022.07.29"]
[EventType "team-tourn"]
[EventCountry "IND"]
[SourceTitle "playchess.com"]
[Source "ChessBase"]
[SourceQuality "1"]
[WhiteTeam "Norway"]
[BlackTeam "Macedonia"]
[WhiteTeamCountry "NOR"]
[BlackTeamCountry "MKD"]
[TimeControl "40/5400+30:1800+30"]

1. d4 d5 2. Bf4 e6 3. e3 Nf6 4. Nf3 Bd6 5. Nbd2 Bxf4 6. exf4 c5 {[%emt 0:00:16] D02: 1 d4 d5 2 Nf3 sidelines, including 2...Nf6 3 g3 and 2...Nf6 3 Bf4.} 7. dxc5 Qc7 8. g3 Qxc5 {[%emt 0:00:15] White has an edge.} 9. Bd3 Qb6 10. Nb3 O-O 11. O-O {[%emt 0:00:38][%cal Bh1f1,Bf1e1,Be1e5][%mdl 32] [#]} Na6 $146 ({Predecessor:} 11... Bd7 12. Qe2 Nc6 13. c3 Rfe8 14. Rfe1 a5 15. Nbd4 Nxd4 16. Nxd4 Qc5 17. a4 Bc6 {1-0 (41) Gukesh,D (2578)-Klabis,R (2323) Riga 2021}) 12. c3 Bd7 13. a4 Nc5 14. Nxc5 Qxc5 15. Nd4 a5 16. Re1 Qb6 17. Qc2 Rfe8 18. Re5 Bc6 19. Qe2 Nd7 20. Re3 Nc5 21. Bc2 g6 22. b3 Ne4 23. Rd1 Rac8 24. h4 e5 25. fxe5 (25. Bxe4 $2 exd4 26. Rxd4 dxe4 $19) 25... Rxe5 26. Qg4 Rce8 27. Rde1 {[%emt 0:00:00] Threatens to win with Qf4.} Nf6 28. Qf4 Rxe3 29. Rxe3 Rxe3 30. Qxe3 Qc5 {[%emt 0:09:35] Inhibits Qe7.} 31. Qf4 Nd7 32. Qd2 {[%emt 0:01:07] Strongly threatening b4.} Ne5 33. Qe3 Qd6 34. h5 Qf6 35. Bd1 Bd7 {[%emt 0:01:24] White leaves nothing to chance now.} 36. h6 g5 ({Black should play} 36... Qe7) 37. Nf3 Ng4 (37... Nc6 $16) 38. Qa7 $18 (38. Qxg5+ $6 Qxg5 39. Nxg5 Nxh6 $14) 38... Qxh6 39. Qxb7 (39. Qxa5 Nf6 $16) 39... Nf6 40. Qb8+ Kg7 {[%emt 0:00:35] Hoping for ...g4.} 41. Qe5 {[%emt 0:30:20] Black must now prevent Nd4.} g4 (41... Bg4 $2 42. Nd4 $1 Kg8 43. Qd6 $1 $18) (41... Qh5 {might work better.}) 42. Nd4 {[%emt 0:00:17] And now Bc2 would win.} Qc1 {[%emt 0:00:19] [#]} (42... Qh5 {is a better defense.} 43. Qf4 h6) 43. Kg2 $1 h6 44. Bc2 Qd2 45. Bf5 Qg5 46. b4 Bxa4 (46... Bc8 $142 47. b5 Bxf5 48. Nxf5+ Kg6) 47. bxa5 {[%emt 0:00:00] Intending a6 and mate.} Bd1 48. a6 {[%emt 0:00:00] White threatens a7 and mate.} Qc1 49. a7 {[%emt 0:00:00][%cal Od4e6] Ne6+! would kill now.} Qa1 50. Qe7 (50. Qb8 $142 Bf3+ 51. Nxf3 gxf3+ 52. Kxf3 Qh1+ 53. Ke2 Qh5+ 54. g4 Nxg4 55. Qf4 Nf6+ 56. Kd2) 50... Bf3+ 51. Nxf3 gxf3+ 52. Kxf3 {[%emt 0:00:00][%mdl 4096] Endgame KQB-KQN} Qh1+ 53. Ke2 Qh5+ 54. g4 {[%emt 0:00:00] White mates.} Nxg4 {[%emt 0:00:00] [#]} 55. a8=Q $1 Ne5+ 56. Ke3 ({Not} 56. Bg4 Qxg4+ 57. Ke1 Qe4+ 58. Kf1 Qh1+ 59. Ke2 Qe4+ 60. Kf1 (60. Kd1 Qb1+ 61. Kd2 Nf3+ 62. Ke3 Qe1+ 63. Kxf3 Qxe7 $17) 60... Qh1+ 61. Ke2 Qe4+ 62. Kf1 $11 (62. Kd1 Qb1+ 63. Kd2 Nf3+ 64. Ke3 Qe1+ 65. Kxf3 Qxe7 $17)) 56... Qxf5 57. Qef8+ Kg6 58. Qa6+ f6 59. Qg8+ Kh5 60. Qe2+ Ng4+ 61. Kd4 Kh4 62. Qxd5 Qf4+ 63. Qde4 Qd6+ 64. Kc4 h5 65. f3 Qa6+ 66. Kb3 Qb6+ 67. Kc2 f5 68. Qh2+ Kg5 69. Qhf4+ {[%emt 0:00:00] Weighted Error Value: White=0.02 (flawless) /Black=0.30} 1-0

[Event "44th Chess Olympiad Open 2022"]
[Site "Chennai"]
[Date "2022.08.05"]
[Round "7.28"]
[White "Christiansen, Johan-Sebastian"]
[Black "Lazov, Toni"]
[Result "0-1"]
[ECO "A24"]
[WhiteElo "2593"]
[BlackElo "2374"]
[Annotator "ChessBase"]
[PlyCount "74"]
[EventDate "2022.07.29"]
[EventType "team-tourn"]
[EventCountry "IND"]
[SourceTitle "playchess.com"]
[Source "ChessBase"]
[SourceQuality "1"]
[WhiteTeam "Norway"]
[BlackTeam "Macedonia"]
[WhiteTeamCountry "NOR"]
[BlackTeamCountry "MKD"]
[TimeControl "40/5400+30:1800+30"]

1. Nf3 d6 2. c4 g6 3. Nc3 Bg7 4. g3 Nf6 5. Bg2 O-O 6. O-O e5 7. d3 a5 8. b3 Re8 9. e4 Bg4 10. h3 Bxf3 11. Bxf3 Nc6 12. Bg2 Nd7 13. Rb1 Nc5 14. a3 Ne6 15. Be3 Ncd4 16. Qd2 c6 17. Ne2 Nxe2+ 18. Qxe2 f5 19. f4 exf4 20. gxf4 Qh4 21. Kh1 Re7 22. Bf2 Qxf4 23. exf5 gxf5 24. Qh5 Rf7 25. Rbe1 Be5 26. Bg1 Qg3 27. d4 Nxd4 28. c5 Rg7 29. Rf2 dxc5 30. Qh6 Bc7 31. Qc1 f4 32. Be4 f3 33. Qxc5 Ne2 34. Bh2 Qxh3 35. Qc4+ Kh8 36. Bxf3 Ng3+ 37. Kg1 Ne4+ 0-1

[Event "44th Chess Olympiad Open 2022"]
[Site "Chennai"]
[Date "2022.08.05"]
[Round "7.28"]
[White "Risteski, Emil"]
[Black "Tari, Aryan"]
[Result "0-1"]
[ECO "B12"]
[WhiteElo "2405"]
[BlackElo "2672"]
[Annotator "TA"]
[PlyCount "64"]
[EventDate "2022.07.29"]
[EventType "team-tourn"]
[EventCountry "IND"]
[SourceTitle "playchess.com"]
[Source "ChessBase"]
[SourceQuality "1"]
[WhiteTeam "Macedonia"]
[BlackTeam "Norway"]
[WhiteTeamCountry "MKD"]
[BlackTeamCountry "NOR"]
[TimeControl "40/5400+30:1800+30"]

1. e4 c6 2. d4 d5 3. e5 c5 4. dxc5 e6 5. Nf3 Bxc5 6. Bd3 {[%emt 0:00:05] B12: Caro-Kann: Advance Variation.} Ne7 $1 {[%emt 0:01:27][%mdl 4] is currently scoring better than 6...Nc6.} 7. O-O Ng6 8. Nbd2 {[%emt 0:00:17][%cal Bb1d2,Bd2b3,Bb3d4][%mdl 32] The position is equal.} Nc6 9. Nb3 {[%emt 0:00:52] Strongly threatening Bxg6.} Bb6 10. Re1 O-O 11. c3 Bc7 12. Bxg6 fxg6 13. Nbd4 Bd7 {[%emt 0:02:26] [#]} 14. a4 $146 ({Predecessor:} 14. h3 Nxd4 15. Nxd4 Rc8 16. Qg4 a5 17. Qg3 Qe8 18. Be3 b5 19. Rf1 Bd8 20. f4 {½-½ (34) Ionita,M (2285)-Tofan,I (2357) ICCF email 2016}) 14... h6 15. Nxc6 bxc6 16. Be3 g5 17. Bd4 a5 18. b4 Rf4 19. g3 Rf5 20. Rb1 Qe8 21. Kg2 c5 22. Bxc5 {[%emt 0:03:15] And now b5 would win.} Bxa4 23. Qd2 axb4 (23... Qh5 24. Nd4 Rxe5 25. Nxe6 $16) 24. cxb4 Bd7 ({Much less strong is} 24... Qh5 25. Nd4 Rxe5 26. b5 (26. Nxe6 d4 $14) 26... Rxe1 27. Rxe1 $16) 25. b5 $2 (25. Nd4 $11 Rxe5 26. Rec1) 25... Ba5 $1 $17 ({Don't take} 25... Bxb5 26. Nd4 Bc6 27. Nxf5 exf5 28. Kg1 $16) 26. Bb4 Bb6 $36 {[%emt 0:01:08][%mdl 2048] Keeping White busy. A strong pair of Bishops.} 27. Nd4 Bxd4 28. Qxd4 Bxb5 29. Bd6 $2 {[%emt 0:00:54] [#] Loses the game.} (29. Rb2 $17 {was necessary.}) 29... Ra2 $1 $19 30. Rb2 Rxb2 31. Qxb2 {[%emt 0:00:05] [#]} Qh5 32. Qd4 (32. Qxb5 {leads to mate.} Qf3+ 33. Kg1 Qxf2+ 34. Kh1 Qxe1+ 35. Kg2 Rf2+ 36. Kh3 g4+ 37. Kxg4 Qd1+) (32. Kg1 Bd3) 32... g4 {[%emt 0:04:55] Weighted Error Value: White=0.21 (precise) /Black=0.03 (flawless)} 0-1

[Event "44th Chess Olympiad Open 2022"]
[Site "Chennai"]
[Date "2022.08.05"]
[Round "7.28"]
[White "Nikolovski, Nikola"]
[Black "Urkedal, Frode Olav Olsen"]
[Result "1/2-1/2"]
[ECO "A02"]
[WhiteElo "2366"]
[BlackElo "2555"]
[Annotator "TA"]
[PlyCount "109"]
[EventDate "2022.07.29"]
[EventType "team-tourn"]
[EventCountry "IND"]
[SourceTitle "playchess.com"]
[Source "ChessBase"]
[SourceQuality "1"]
[WhiteTeam "Macedonia"]
[BlackTeam "Norway"]
[WhiteTeamCountry "MKD"]
[BlackTeamCountry "NOR"]
[TimeControl "40/5400+30:1800+30"]

1. f4 Nf6 2. Nf3 g6 3. b3 Bg7 4. Bb2 O-O 5. e3 c5 6. Be2 b6 7. O-O Bb7 8. Qe1 e6 {[%emt 0:11:08] A02: Bird's Opening.} 9. d3 d5 10. Nbd2 Nc6 {[%emt 0:09:12] Black is slightly better.} 11. Ne5 {[%emt 0:10:28] [#]} Rc8 $146 ({Predecessor:} 11... d4 12. Nxc6 Bxc6 13. e4 Nd7 14. Qg3 f5 15. Bf3 e5 16. exf5 Bxf3 17. Nxf3 Rxf5 18. fxe5 Nxe5 19. Nxe5 Bxe5 20. Qg4 Rxf1+ 21. Rxf1 Qd6 {½-½ (21) Bryntze,S (2193)-Schneider,S (2312) Stockholm 2013}) 12. Nxc6 Bxc6 13. Kh1 Re8 14. Be5 Bf8 15. Bb2 Bg7 16. Be5 Qe7 17. a4 Red8 18. Rd1 (18. Qh4 {seems wilder.} Rd7 19. Kg1 Ne8 20. Qxe7 Rxe7 21. e4) 18... Ne8 19. Bxg7 Nxg7 20. e4 Rd7 21. e5 Nf5 22. Bg4 d4 23. Bxf5 exf5 24. Nc4 Qe6 25. Qh4 Kg7 26. h3 Bd5 27. Kh2 h5 28. Nd2 a6 29. Nf3 Bxf3 30. Rxf3 Qe7 31. Qe1 (31. Kg3 {keeps more tension.} Rh8 32. Rff1 Qe6 33. Kh2) 31... Re8 (31... f6 $5 ) 32. Rf2 {[%emt 0:03:12] The position is equal.} Rc7 33. Re2 Rc6 34. Qf2 Re6 35. Qf3 h4 36. Rde1 Kh6 37. Qf2 Kg7 38. Qf3 Rh8 39. Kg1 Qd7 40. Kh2 Qc7 41. Kg1 Rc8 42. Qf2 Qe7 43. Kh2 Qd8 44. Qf3 Rc7 45. Kh1 Rce7 46. Qf2 Re8 47. Qf3 Qa8 48. Qf2 Rh8 49. Rb1 Qd5 50. Rbe1 a5 51. Kh2 Kf8 52. Kh1 Kg7 53. Kh2 Kf8 54. Kh1 Kg7 55. Kh2 {[%emt 0:00:00] Weighted Error Value: White=0.04 (flawless) /Black=0.05 (flawless)} 1/2-1/2

[Event "44th Chess Olympiad Open 2022"]
[Site "Chennai"]
[Date "2022.08.05"]
[Round "7.29"]
[White "Tristan, Leonardo"]
[Black "Apol, Luitjen Akselsson"]
[Result "1-0"]
[ECO "E92"]
[WhiteElo "2558"]
[BlackElo "2289"]
[Annotator "TA"]
[PlyCount "55"]
[EventDate "2022.07.29"]
[EventType "team-tourn"]
[EventCountry "IND"]
[SourceTitle "playchess.com"]
[Source "ChessBase"]
[SourceQuality "1"]
[WhiteTeam "Argentina"]
[BlackTeam "Faroe Islands"]
[WhiteTeamCountry "ARG"]
[BlackTeamCountry "FAI"]
[TimeControl "40/5400+30:1800+30"]

1. d4 Nf6 2. c4 g6 3. Nc3 Bg7 4. e4 d6 5. Nf3 O-O 6. Be2 e5 7. d5 Na6 8. Nd2 Ne8 9. h4 {[%emt 0:06:25] E92: King's Indian: Classical: 6 Be2 e5: 7 dxe5, 7 Be3 and Petrosian System without 7...Nbd7.} h5 10. Nf1 {[%emt 0:12:25] [#]} c5 $146 (10... Nc5 $14 {is more appropriate.}) ({Predecessor:} 10... c6 11. Ne3 cxd5 12. cxd5 Qb6 13. Nc4 Qd8 14. Be3 Bd7 15. a4 f5 16. f3 Bf6 {1-0 (35) Henrich,T-Wohlfart,P Hessen 1992}) 11. Bg5 {[%emt 0:09:59] White is better.} Nf6 (11... Qd7 $142) 12. Qd2 Nc7 (12... Qe8 $16) 13. Ne3 $18 Qe8 14. Bxf6 Bxf6 15. g4 hxg4 16. Bxg4 Kg7 17. O-O-O {[%emt 0:04:19] aiming for Bxc8.} Rh8 18. Bxc8 Qxc8 19. Rdg1 ({White should try} 19. h5 $1 $18) 19... Rh5 (19... Qd7 $16 {was called for.}) 20. Ne2 {[%emt 0:04:29] And now Ng3 would win.} Kf8 (20... Qd7 $142 21. Ng3 Rhh8) 21. Ng3 Rh8 ({Not} 21... Rxh4 22. Rxh4 Bxh4 23. Nef5 $1 Bxg3 24. Qh6+ Ke8 25. Rxg3 $16 (25. Nxd6+ Kd7 $19)) 22. h5 {[%emt 0:00:12] Hoping for hxg6.} Ke7 23. Qe2 Qd7 $2 {[%emt 0:01:10] [#]} (23... a6 24. Qf3 Qf8) 24. hxg6 $1 fxg6 {[%emt 0:00:01] [#]} 25. Ngf5+ $1 gxf5 26. Nxf5+ Kf7 $2 (26... Kd8) 27. Qg4 {[%emt 0:00:12] Threatening mate with Qg6+.} Rxh1 28. Qg6+ {[%emt 0:00:11] Weighted Error Value: White=0.10 (very precise) /Black=0.73} ({Weaker is} 28. Rxh1 Rh8 29. Rxh8 Bxh8 $16) 1-0